Unix NetHack Version 3.7.0-102 Work-in-progress - last build Apr 6 2024 13:22:21 (d302a6a9ff6341f1a922d8f5af178406b35fdf99,branch:master). Game began 2024-04-07 16:16:07, ended 2024-04-07 20:20:04. aoei, neutral female human Wizard --- .@| ... Aoei the Conjurer St:9 Dx:10 Co:12 In:18 Wi:16 Ch:10 Neutral Dlvl:6 $:90 HP:0(22) Pw:23(41) AC:9 Xp:3 T:595 Latest messages: You miss it. You kill the gnome! You hear a chugging sound. What do you want to use or apply? [cikr or ?*] What do you want to write on? [i or ?*] Your marker dries out! The spellbook is left unfinished and your writing fades. You hit it. The gnome hits! You miss it. The gnome hits! You kill the gnome! Welcome to experience level 3. You kill the gnome! It misses. You are hit. s - a food ration You see here a white gem. You hear some noises in the distance. You see here a whistle. It misses. You see here 8 rocks. You are hit. You are hit. It misses. You are hit! In what direction? The spell hits it. You kill the hobbit! The gnome hits! In what direction? The spell hits it. You kill the dwarf! The gnome hits! In what direction? The spell hits it. You kill the gnome! In what direction? The spell hits it. The gnome lord resists! The gnome lord reads a scroll labeled VERR YED HORRE! The gnome lord vanishes! t - 2 pears. You see here a dagger. You see here a crossbow bolt. You hit it. The orc zombie hits! A trap door opens up under you! You die... Do you want to see the dungeon overview? [ynq] (y) Inventory: Weapons a - a blessed +1 quarterstaff (weapon in hands) Armor b - an uncursed +0 cloak of magic resistance (being worn) Tools k - a magic marker (0:0) Comestibles o - an uncursed cram ration s - 3 uncursed food rations t - 2 uncursed pears Rings e - an uncursed ring of invisibility d - an uncursed ring of polymorph control Wands c - a wand of secret door detection (0:12) r - a wand of secret door detection (0:11) Scrolls h - 3 uncursed scrolls of identify p - an uncursed scroll of taming Potions g - an uncursed potion of speed f - an uncursed potion of water Spellbooks i - a blessed spellbook of blank paper Gems/Stones n - 2 uncursed worthless pieces of orange glass Coins $ - 90 gold pieces Aoei the Wizard's attributes: Background: You were a Conjurer, a level 3 female human Wizard. You were neutral, on a mission for Thoth who was opposed by Ptah (lawful) and Anhur (chaotic). You were right-handed. You were in the Gnomish Mines, on level 6. You entered the dungeon 595 turns ago. There was a new moon in effect when your adventure ended. You had 73 experience points, 7 more were needed to attain level 4. Basics: You had 0 out of 22 hit points. You had 23 out of 41 energy points (spell power). Your armor class was 9. Your wallet contained 90 zorkmids. Autopickup was on for '$?!/"=' plus thrown, with exceptions. Final Characteristics: Your strength was 9 (limit:18/100). Your dexterity was 10 (limit:18). Your constitution was 12 (limit:18). Your intelligence was 18 (limit:18). Your wisdom was 16 (limit:18). Your charisma was 10 (limit:18). Final Status: You weren't hungry. You were unencumbered. You were wielding a quarterstaff. You had basic skill with quarterstaff. Final Attributes: You were fervently aligned. You were magic-protected. You were warded. You are dead. Miscellaneous: You disabled loading of bones levels. Total elapsed playing time was 33 minutes and 39 seconds. Major events: Turn 1: aoei the neutral female human Wizard entered the dungeon 546: entered the Gnomish Mines 566: attained the rank of Conjurer (level 3) 595: killed by falling down a mine shaft Vanquished creatures: a dwarf an orc zombie an iguana a hobbit 4 gnomes 2 geckos 2 kobolds 2 newts 14 creatures vanquished. No species were genocided or became extinct. Voluntary challenges: You went without food. You were an atheist. You read items or engraved 3 times. You engraved Elbereth 1 time. You never had a pet. You never genocided any monsters. You never polymorphed an object. You never changed form. You used no wishes. Achievements: You entered a shop. You entered the Gnomish Mines. You attained the rank of Conjurer. The Dungeons of Doom: levels 1 to 5 Level 1: Level 2: Level 3: A fountain. Level 4: Some fountains. Stairs down to The Gnomish Mines. Level 5: The Gnomish Mines: levels 5 to 6 Level 5: Level 6: <- You were here. Final resting place for you, killed by falling down a mine shaft. Game over: ---------- / \ / REST \ / IN \ / PEACE \ / \ | aoei | | 90 Au | | killed by | | falling down a | | mine shaft | | | | 2024 | *| * * * | * _________)/\\_//(\/(/\)/\//\/|_)_______ Goodbye aoei the Wizard... You died in The Gnomish Mines on dungeon level 6 with 623 points, and 90 pieces of gold, after 595 moves. You were level 3 with a maximum of 22 hit points when you died.